Match 46277826
Unlisted

Match 46277826
End
Pioneer Squad
Construct Infanterie Kompanie
Grenadier Squad
Grenadier Squad
MG 42 Machine Gun Team
Grenadier Squad
Construct Luftwaffe Kompanie
Support Elements
Wirbelwind Flakpanzer
Medical Bunker
Jäger Squad
Selects Breakthrough Battlegroup
Selects Assault Grenadiers
Wirbelwind Flakpanzer
Selects Rapid Production
Selects Blitzkrieg
Jäger Squad
Marder III M Tank Destroyer
Nico-Nico-Nii~~
oziligath
0
0

Comments sign in to comment!

No comments posted yet!